APL (24 & UNDER)
PENSACOLA PILOTS @ STATE COLLEGE SPIKES
08/28/2030
 
TOP OF THE 1ST
Pensacola Pilots batting - Pitching for State College Spikes : RHP Millard Ford
Pitching: RHP Millard Ford
Batting: SHB Jack Hendrix 0-0: Ball
1-0: Swinging Strike
1-1: Ground out 5-3 (Groundball, 56)
Batting: SHB Carlos González 0-0: Ball
1-0: Called Strike
1-1: SINGLE (Groundball, 4S) (infield hit)
Batting: LHB Preston Hamilton 0-0: Ball
1-0: Foul Ball, location: 2F
1-1: Ball
2-1: Called Strike
2-2: Foul Ball, location: 2F
2-2: Strikes out looking
Batting: RHB Timothy Foster 0-0: Ball
Carlos González is caught stealing 2nd base
Top of the 1st over - 0 runs, 1 hit, 0 errors, 0 left on base; Pensacola 0 - State College 0
BOTTOM OF THE 1ST
State College Spikes batting - Pitching for Pensacola Pilots : LHP Paul Mallette
Pitching: LHP Paul Mallette
Batting: RHB Norberto Márquez 0-0: Ball
1-0: Ball
2-0: Fly out, F7 (Flyball, 7S)
Batting: RHB Sergio Serrano 0-0: Foul Ball, location: 2F
0-1: Foul Ball, location: 2F
0-2: Ball
1-2: Ball
2-2: Strikes out swinging
Batting: RHB Iván Romero 0-0: Ball
1-0: Ball
2-0: Ball
3-0: Called Strike
3-1: SINGLE (Line Drive, 6MD)
Batting: LHB Javier Morales 0-0: Ball
1-0: Called Strike
Iván Romero steals 2nd base
1-1: Foul Ball, location: 2F
1-2: Foul Ball, location: 2F
1-2: Ball
2-2: Strikes out swinging
Bottom of the 1st over - 0 runs, 1 hit, 0 errors, 1 left on base; Pensacola 0 - State College 0
TOP OF THE 2ND
Pensacola Pilots batting - Pitching for State College Spikes : RHP Millard Ford
Batting: RHB Timothy Foster 0-0: Fly out, F8 (Line Drive, 8RM)
Batting: LHB Carlos Músquez 0-0: Ball
1-0: Ball
2-0: Ball
3-0: Base on Balls
Batting: RHB José Ramos 0-0: Called Strike
0-1: 2-RUN HOME RUN (Flyball, 9D), Distance : 399 ft
Batting: RHB George Martin 0-0: Ball
1-0: Foul Ball, location: 2F
1-1: Called Strike
1-2: Ball
2-2: Ball
3-2: Base on Balls
Batting: RHB Felipe Hernández 0-0: Ball
1-0: Called Strike
1-1: Foul Ball, location: 2F
1-2: Ball
2-2: Fly out, F7 (Flyball, 78M)
Batting: RHB Javier Senteno 0-0: Ball
1-0: Ball
2-0: Foul Ball, location: 2F
2-1: Ground out U3 (Groundball, 34S)
Top of the 2nd over - 2 runs, 1 hit, 0 errors, 1 left on base; Pensacola 2 - State College 0
BOTTOM OF THE 2ND
State College Spikes batting - Pitching for Pensacola Pilots : LHP Paul Mallette
Batting: RHB Héctor Villarreal 0-0: Called Strike
0-1: Ball
1-1: Ground out 5-3 (Groundball, 56)
Batting: RHB António Trevino 0-0: Ball
1-0: Foul Ball, location: 2F
1-1: Ball
2-1: Foul Ball, location: 2F
2-2: Ground out 5-3 (Groundball, 56S)
Batting: RHB Jeff Richardson 0-0: Ball
1-0: Called Strike
1-1: Swinging Strike
1-2: Ball
2-2: Strikes out looking
Bottom of the 2nd over - 0 runs, 0 hits, 0 errors, 0 left on base; Pensacola 2 - State College 0
TOP OF THE 3RD
Pensacola Pilots batting - Pitching for State College Spikes : RHP Millard Ford
Batting: SHB Jack Hendrix 0-0: Bunt for hit - play at first, batter OUT! 2-3
Batting: SHB Carlos González 0-0: Called Strike
0-1: Ball
1-1: Ball
2-1: Foul Ball, location: 2F
2-2: Ground out U3 (Groundball, 3)
Batting: LHB Preston Hamilton 0-0: Called Strike
0-1: Ground out 1-3 (Groundball, 13S)
Top of the 3rd over - 0 runs, 0 hits, 0 errors, 0 left on base; Pensacola 2 - State College 0
BOTTOM OF THE 3RD
State College Spikes batting - Pitching for Pensacola Pilots : LHP Paul Mallette
Batting: RHB Kululu Kijana 0-0: Ball
1-0: Called Strike
1-1: Foul Ball, location: 2F
1-2: SINGLE (Groundball, 6D)
Batting: LHB Edward Norton 0-0: Called Strike
0-1: Swinging Strike
0-2: Ball
1-2: Ball
2-2: Strikes out looking
Batting: RHB Norberto Márquez 0-0: Called Strike
0-1: SINGLE (Line Drive, 56D)
Kululu Kijana to second
Batting: RHB Sergio Serrano 0-0: Called Strike
0-1: Swinging Strike
0-2: Strikes out looking
Batting: RHB Iván Romero 0-0: Fielders Choice at 2nd, 5-4 (Groundball, 56)
Bottom of the 3rd over - 0 runs, 2 hits, 0 errors, 2 left on base; Pensacola 2 - State College 0
TOP OF THE 4TH
Pensacola Pilots batting - Pitching for State College Spikes : RHP Millard Ford
Batting: RHB Timothy Foster 0-0: Called Strike
0-1: Called Strike
0-2: Ball
1-2: Fly out, F3 (Line Drive, 34S)
Batting: LHB Carlos Músquez 0-0: Swinging Strike
0-1: Ball
1-1: Foul Ball, location: 2F
1-2: Ball
2-2: SINGLE (Groundball, 4MD)
Batting: RHB José Ramos 0-0: Fly out, F4 (Popup, 3D)
Batting: RHB George Martin 0-0: Foul Ball, location: 2F
0-1: Ball
1-1: Ball
2-1: Ball
3-1: Base on Balls
Carlos Músquez to second
Batting: RHB Felipe Hernández 0-0: Foul Ball, location: 2F
0-1: Ball
1-1: Ball
2-1: Swinging Strike
2-2: Ball
3-2: Foul Ball, location: 2F
3-2: Fly out, F7 (Flyball, 7D)
Top of the 4th over - 0 runs, 1 hit, 0 errors, 2 left on base; Pensacola 2 - State College 0
BOTTOM OF THE 4TH
State College Spikes batting - Pitching for Pensacola Pilots : LHP Paul Mallette
Batting: LHB Javier Morales 0-0: Ball
1-0: Called Strike
1-1: Foul Ball, location: 2F
1-2: Fly out, F9 (Line Drive, 89D)
Batting: RHB Héctor Villarreal 0-0: Ball
1-0: Foul Ball, location: 2F
1-1: Swinging Strike
1-2: Ball
2-2: Strikes out swinging
Batting: RHB António Trevino 0-0: Called Strike
0-1: Ball
1-1: Foul Ball, location: 2F
1-2: Ball
2-2: Strikes out swinging, 2-3 out at first.
Bottom of the 4th over - 0 runs, 0 hits, 0 errors, 0 left on base; Pensacola 2 - State College 0
TOP OF THE 5TH
Pensacola Pilots batting - Pitching for State College Spikes : RHP Millard Ford
Batting: RHB Javier Senteno 0-0: Foul Ball, location: 2F
0-1: Ball
1-1: Ball
2-1: Foul Ball, location: 2F
2-2: Foul Ball, location: 2F
2-2: Ground out 6-3 (Groundball, 4M)
Batting: SHB Jack Hendrix 0-0: SINGLE (Line Drive, 9LS)
Batting: SHB Carlos González 0-0: Called Strike
0-1: Called Strike
0-2: Foul Ball, location: 2F
0-2: Ball
1-2: Fly out, F8 (Line Drive, 89M)
Batting: LHB Preston Hamilton 0-0: Foul Ball, location: 2F
0-1: Fly out, F1 (Popup, 15)
Top of the 5th over - 0 runs, 1 hit, 0 errors, 1 left on base; Pensacola 2 - State College 0
BOTTOM OF THE 5TH
State College Spikes batting - Pitching for Pensacola Pilots : LHP Paul Mallette
Batting: RHB Jeff Richardson 0-0: Ball
1-0: Called Strike
1-1: Ground out 4-3 (Groundball, 4)
Batting: RHB Kululu Kijana 0-0: Ball
1-0: Swinging Strike
1-1: Called Strike
1-2: Ball
2-2: Ball
3-2: SINGLE (Groundball, 56D)
Batting: LHB Edward Norton 0-0: Ball
1-0: Ball
2-0: Called Strike
2-1: Swinging Strike
2-2: Foul Ball, location: 2F
2-2: Foul Ball, location: 2F
2-2: SINGLE (Line Drive, 34)
Kululu Kijana to second
Kululu Kijana to third
Batting: RHB Norberto Márquez 0-0: Ball
1-0: Ball
2-0: Fly out, F3 (Line Drive, 3S)
Batting: RHB Sergio Serrano 0-0: Ball
1-0: Swinging Strike
1-1: Ball
2-1: Ball
3-1: Base on Balls
Edward Norton to second
Batting: RHB Iván Romero 0-0: TRIPLE (Flyball, 7D)
Kululu Kijana scores
Edward Norton scores
Sergio Serrano scores
Batting: LHB Javier Morales 0-0: Called Strike
0-1: Called Strike
0-2: Foul Ball, location: 2F
0-2: Strikes out looking
Bottom of the 5th over - 3 runs, 3 hits, 0 errors, 1 left on base; Pensacola 2 - State College 3
TOP OF THE 6TH
Pensacola Pilots batting - Pitching for State College Spikes : RHP Millard Ford
Batting: RHB Timothy Foster 0-0: Called Strike
0-1: Ball
1-1: Foul Ball, location: 2F
1-2: Ball
2-2: Ball
3-2: Base on Balls
Pitching: LHP Dan Brown
Batting: LHB Carlos Músquez 0-0: Called Strike
0-1: Ball
1-1: Swinging Strike
1-2: Foul Ball, location: 2F
1-2: Ball
2-2: Ball
3-2: 2-RUN HOME RUN (Flyball, 9LD), Distance : 336 ft
Batting: RHB José Ramos 0-0: Called Strike
0-1: Ground out 6-3 (Groundball, 6)
Batting: RHB George Martin 0-0: Ball
1-0: Ball
2-0: Called Strike
2-1: Ball
3-1: Base on Balls
Batting: RHB Felipe Hernández 0-0: Ball
1-0: Called Strike
1-1: Called Strike
1-2: Strikes out swinging
Batting: RHB Javier Senteno 0-0: Ball
1-0: Called Strike
1-1: Swinging Strike
1-2: Strikes out swinging
Top of the 6th over - 2 runs, 1 hit, 0 errors, 1 left on base; Pensacola 4 - State College 3
BOTTOM OF THE 6TH
State College Spikes batting - Pitching for Pensacola Pilots : LHP Paul Mallette
Batting: RHB Héctor Villarreal 0-0: Foul Ball, location: 2F
0-1: Foul Ball, location: 2F
0-2: Ball
1-2: Ground out U3 (Groundball, 34)
Batting: RHB António Trevino 0-0: Fly out, F7 (Flyball, 7D)
Batting: RHB Jeff Richardson 0-0: Ball
1-0: Ground out 1-3 (Groundball, 13)
Bottom of the 6th over - 0 runs, 0 hits, 0 errors, 0 left on base; Pensacola 4 - State College 3
TOP OF THE 7TH
Pensacola Pilots batting - Pitching for State College Spikes : LHP Dan Brown
Batting: SHB Jack Hendrix 0-0: Foul Ball, location: 2F
0-1: Foul Ball, location: 2F
0-2: Ball
1-2: Ball
2-2: Fly out, F3 (Popup, 3)
Batting: SHB Carlos González 0-0: Foul Ball, location: 2F
0-1: Swinging Strike
0-2: Strikes out swinging
Batting: LHB Preston Hamilton 0-0: Ball
1-0: Fly out, F7 (Flyball, 7S)
Top of the 7th over - 0 runs, 0 hits, 0 errors, 0 left on base; Pensacola 4 - State College 3
BOTTOM OF THE 7TH
State College Spikes batting - Pitching for Pensacola Pilots : LHP Paul Mallette
Pitching: LHP Joe Barnes
Batting: RHB Kululu Kijana 0-0: Ball
1-0: Called Strike
1-1: Ball
2-1: Foul Ball, location: 2F
2-2: Ground out 1-3 (Groundball, P)
Batting: LHB Edward Norton 0-0: Called Strike
0-1: Fly out, F8 (Flyball, 8LS)
Batting: RHB Norberto Márquez 0-0: Fly out, F5 (Popup, 25F)
Bottom of the 7th over - 0 runs, 0 hits, 0 errors, 0 left on base; Pensacola 4 - State College 3
TOP OF THE 8TH
Pensacola Pilots batting - Pitching for State College Spikes : LHP Dan Brown
Batting: RHB Timothy Foster 0-0: Ball
1-0: Reached on error, E3 (Groundball, 34)
Batting: LHB Carlos Músquez 0-0: Ball
1-0: Ball
2-0: Foul Ball, location: 2F
2-1: Swinging Strike
2-2: Foul Ball, location: 2F
2-2: Hit by Pitch
Timothy Foster to second
Batting: RHB José Ramos 0-0: Ball
1-0: SINGLE (Flyball, 89M)
Timothy Foster to third
Carlos Músquez to second
Runner from 3rd tries for Home, SAFE, no throw
Pitching: RHP Carlos Encarnación
Batting: RHB George Martin 0-0: Ball
1-0: Ball
2-0: Swinging Strike
2-1: Foul Ball, location: 2F
2-2: Ball
3-2: Foul Ball, location: 2F
3-2: Base on Balls
Carlos Músquez to third
José Ramos to second
Pinch Hitting: LHB Joe Vásquez 0-0: Foul Ball, location: 2F
0-1: Foul Ball, location: 2F
0-2: Grounds into fielders choice 6-2 (Groundball, 6MD)
José Ramos to third
George Martin to second
Pinch Hitting: RHB Bill Andrews 0-0: Called Strike
0-1: Grounds into fielders choice 4-2 (Groundball, 4D)
George Martin to third
Joe Vásquez to second
Batting: SHB Jack Hendrix 0-0: Foul Ball, location: 2F
0-1: Fly out, F9 (Flyball, 9S)
Top of the 8th over - 1 run, 1 hit, 1 error, 3 left on base; Pensacola 5 - State College 3
BOTTOM OF THE 8TH
State College Spikes batting - Pitching for Pensacola Pilots : LHP Joe Barnes
Now at 1B: Joe Vásquez
Now in RF: Bill Andrews
Batting: RHB Sergio Serrano 0-0: Called Strike
0-1: Ball
1-1: Swinging Strike
1-2: Ground out 5-3 (Groundball, 56)
Batting: RHB Iván Romero 0-0: Ball
1-0: Called Strike
1-1: Ball
2-1: Swinging Strike
2-2: Strikes out swinging
Batting: LHB Javier Morales 0-0: Called Strike
0-1: Ground out 5-3 (Groundball, 56)
Bottom of the 8th over - 0 runs, 0 hits, 0 errors, 0 left on base; Pensacola 5 - State College 3
TOP OF THE 9TH
Pensacola Pilots batting - Pitching for State College Spikes : RHP Carlos Encarnación
Pitching: RHP Emílio Fernández
Batting: SHB Carlos González 0-0: Foul Ball, location: 2F
0-1: Ball
1-1: Ground out 4-3 (Groundball, 4)
Batting: LHB Preston Hamilton 0-0: Ball
1-0: Ball
2-0: Foul Ball, location: 2F
2-1: Swinging Strike
2-2: Strikes out swinging
Batting: RHB Timothy Foster 0-0: Called Strike
0-1: Ball
1-1: Ball
2-1: Ball
3-1: Ground out 4-3 (Groundball, 4M)
Top of the 9th over - 0 runs, 0 hits, 0 errors, 0 left on base; Pensacola 5 - State College 3
BOTTOM OF THE 9TH
State College Spikes batting - Pitching for Pensacola Pilots : LHP Joe Barnes
Pitching: RHP Scott Willerton
Batting: RHB Héctor Villarreal 0-0: Called Strike
0-1: Ball
1-1: Ball
2-1: Foul Ball, location: 2F
2-2: Ground out 6-3 (Groundball, 6D)
Batting: RHB António Trevino 0-0: Ball
1-0: Foul Ball, location: 2F
1-1: Ball
2-1: Foul Ball, location: 2F
2-2: Ball
3-2: Foul Ball, location: 2F
3-2: Strikes out swinging
Batting: RHB Jeff Richardson 0-0: Foul Ball, location: 2F
0-1: Ball
1-1: Called Strike
1-2: Ball
2-2: Strikes out swinging
Bottom of the 9th over - 0 runs, 0 hits, 0 errors, 0 left on base; Pensacola 5 - State College 3
Saturday, April 7th, 2018 - OOTP Baseball 18.8 Build 76